 Dungeon Crawl Stone Soup version 0.28-b1-25-g9875b3fc8c (webtiles) character file.

Game seed: 15336590797821609663

3218 Minsecho the Basher (level 9, -3/86 (89) HPs)
             Began as a Troll Berserker on Feb 1, 2022.
             Was an Elder of Trog.
             Slain by a wight (7 damage)
             ... on level 7 of the Dungeon.
             The game lasted 00:09:03 (5176 turns).

Minsecho the Basher (Troll Berserker)               Turns: 5176, Time: 00:09:03

HP:   -3/86 (89)    AC:  4    Str: 27    XL:     9   Next: 65%
MP:   11/11         EV: 16    Int: 11    God:    Trog [****..]
Gold: 299           SH:  0    Dex: 16    Spells: 8/8 levels left

rFire   . . .      SeeInvis .   o - +9 whip "Yqaffej" {drain, Int+2 Dex+3}
rCold   . . .      Faith    .   (no shield)
rNeg    . . .      Spirit   .   a - +0 animal skin
rPois   .          Reflect  .   (helmet restricted)
rElec   .          Harm     .   (no cloak)
rCorr   .          Rampage  .   (gloves unavailable)
Will    .....                   (boots unavailable)
Stlth   ++........              (no amulet)
HPRegen 1.04/turn               p - +6 ring of intelligence
MPRegen 0.12/turn               w - +4 ring of evasion

@: on berserk cooldown, slowed, lightly drained, very slow
A: large, unfitting armour, claws 3, regeneration 1, shaggy fur 1, tough skin 1
a: Renounce Religion, Berserk, Trog's Hand, Brothers in Arms


You were on level 7 of the Dungeon.
You worshipped Trog.
Trog was greatly pleased with you.
You visited 1 branch of the dungeon, and saw 7 of its levels.
You also visited: Sewer.

You collected 299 gold pieces.

Inventory:

Hand Weapons
 o - the +9 whip "Yqaffej" (weapon) {drain, Int+2 Dex+3}
   (You found it on level 3 of the Dungeon)

   A truly terrible weapon, it drains the life of any living foe it strikes.
   Int:       It affects your intelligence (+2).
   Dex:       It affects your dexterity (+3).
Missiles
 k - 10 boomerangs (quivered)
Armour
 a - a +0 animal skin (worn)
Jewellery
 p - a +6 ring of intelligence (left claw)
 w - a +4 ring of evasion (right claw)
Scrolls
 c - 4 scrolls of blinking {unknown}
 e - 2 scrolls of teleportation {unknown}
 m - a scroll of vulnerability {unknown}
 n - 2 scrolls of fear {unknown}
 q - 2 scrolls of enchant armour {unknown}
 r - a scroll of amnesia {unknown}
 x - a scroll of brand weapon {unknown}
 y - a scroll of summoning {unknown}
 z - a scroll of identify
Potions
 b - 2 potions of invisibility
 d - 2 potions of cancellation
 f - a potion of degeneration {unknown}
 g - 4 potions of curing
 h - a potion of magic {unknown}
 i - a potion of ambrosia {unknown}
 j - a potion of attraction {unknown}
 l - 3 potions of lignification
 s - 2 potions of might {unknown}
 t - a potion of heal wounds {unknown}
 u - 3 potions of mutation {unknown}
 v - 3 potions of flight {unknown}


   Skills:
 + Level 6.1 Fighting
 * Level 8.6 Maces & Flails
 + Level 3.1 Throwing
 + Level 2.7 Armour
 + Level 5.1 Dodging
 - Level 1.0 Stealth
 + Level 2.8 Shields
 - Level 4.8 Unarmed Combat
 + Level 4.6 Invocations
 + Level 2.5 Evocations


You had 8 spell levels left.
You didn't know any spells.
Your spell library was empty.

Dungeon Overview and Level Annotations

Branches:
Dungeon (7/15)             Temple (0/1) D:7           Sewer (visited)

Altars:
Ashenzari
Fedhas
Trog
Vehumet

Shops:
D:1 *   D:5 *


Innate Abilities, Weirdness & Mutations

You are too large for most types of armour.
You have claws for hands.
Your natural rate of healing is unusually fast.
You are covered in fur. (AC +1)
You have tough skin. (AC +1)


Message History

You kill the gnoll shaman!
Trog accepts your kill.
You feel sick. The gnoll closely misses you.
Your life force feels restored.
You feel sick.
The gnoll hits you with a +0 vampiric halberd!
The wight misses you. The gnoll completely misses you.
You closely miss the gnoll.
You feel sick. The gnoll closely misses you.
You thrash the gnoll!!
You kill the gnoll!
Trog accepts your kill. The wight completely misses you.
You are no longer berserk.
You are exhausted.
You feel yourself slow down.
You feel sick. The gnoll barely misses you.
The gnoll hits you with a +0 vampiric halberd.
Things that are here:
a +2 whip of flaming; a gnoll corpse You whack the gnoll!
The gnoll is severely wounded.
You feel sick. The wight closely misses you. The gnoll misses you. x2
You hit the gnoll.
You kill the gnoll!
Trog accepts your kill.
You feel sick.
The wight hits you from afar with a +4 halberd!
* * * LOW HITPOINT WARNING * * *
The gnoll hits you but does no damage. The wight misses you.
You hit the gnoll. You drain the gnoll.
The gnoll is almost dead.
You feel sick. The gnoll barely misses you.
You whack the gnoll!
You kill the gnoll!
Trog accepts your kill.
You feel sick.
You are no longer poisoned.
The wight hits you from afar with a +4 halberd!
* * * LOW HITPOINT WARNING * * *
You feel drained.
You die...

......g .......
....... .......
....... ###
.:..... ..#
.>....z#######..#
......))).......#
.......@.)†.....#
.......##.†.....#
########........#
#....##..#
##...#####
#........#
##.......#
#........#
#....##..#


You could see a wight.

Vanquished Creatures
  Sigmund (D:4)
  A hornet zombie (D:6)
  An ice beast (D:6)
  2 necrophages (D:7)
  2 ogres (D:6)
  2 centaurs
  A phantom (D:4)
  A scorpion (D:5)
  A wyvern skeleton (D:6)
  A water moccasin skeleton (D:6)
  5 killer bees (D:7)
  5 wights
  4 hounds
  2 gnoll shamans
  A jelly (D:6)
  2 orc priests (D:4)
  2 iguanas
  2 orc wizards
  12 gnolls
  6 adders
  5 river rats (Sewer)
  A white imp (D:7)
  An ufetubus (D:3)
  An adder skeleton (D:4)
  4 dart slugs
  23 orcs
  3 bats (D:1)
  4 endoplasms
  8 giant cockroaches
  6 goblins
  6 hobgoblins
  14 jackals
  8 quokkas
  4 ball pythons
  6 frilled lizards
  11 kobolds
  11 rats
170 creatures vanquished.

Vanquished Creatures (others)
  2 plants (Sewer)
2 creatures vanquished.

Grand Total: 172 creatures vanquished

Notes
Turn   | Place    | Note
-------+----------+-------------------------------------------
     0 | D:1      | Minsecho the Troll Berserker began the quest for the Orb.
     0 | D:1      | Reached XP level 1. HP: 22/22 MP: 0/0
    82 | D:1      | Found Tinanug's Assorted Antiques.
    92 | D:1      | Reached XP level 2. HP: 23/29 MP: 1/1
   474 | D:1      | Reached ** piety under Trog
   632 | D:2      | Reached XP level 3. HP: 30/36 MP: 2/2
  1129 | D:3      | Reached XP level 4. HP: 44/44 MP: 3/3
  1365 | D:3      | Identified the +9 whip "Yqaffej" {drain, Int+2 Dex+3}
  1381 | D:3      | Noticed a centaur
  1389 | D:3      | Killed a centaur
  1390 | D:3      | Reached XP level 5. HP: 37/53 MP: 4/4
  1626 | D:3      | Found a faded altar of an unknown god.
  1696 | D:3      | Reached skill level 1 in Maces & Flails
  2230 | D:4      | Reached XP level 6. HP: 61/61 MP: 5/5
  2235 | D:4      | Reached skill level 2 in Maces & Flails
  2264 | D:4      | Reached *** piety under Trog
  2289 | D:4      | Reached skill level 3 in Maces & Flails
  2335 | D:4      | Found a blossoming altar of Fedhas.
  2447 | D:4      | Noticed Sigmund
  2459 | D:4      | Killed Sigmund
  2460 | D:4      | Reached skill level 4 in Maces & Flails
  2460 | D:4      | Reached skill level 1 in Stealth
  2460 | D:4      | Reached XP level 7. HP: 42/67 MP: 6/6
  2737 | D:4      | Found a bloodstained altar of Trog.
  2813 | D:4      | Found a radiant altar of Vehumet.
  2830 | D:4      | Found a broken altar of Ashenzari.
  2909 | D:5      | Entered Level 5 of the Dungeon
  2926 | D:5      | Reached skill level 5 in Maces & Flails
  2955 | D:5      | Found Derull's General Store.
  3557 | D:6      | Reached XP level 8. HP: 74/78 MP: 7/7
  3562 | D:6      | Reached skill level 5 in Fighting
  3562 | D:6      | Reached skill level 7 in Maces & Flails
  3562 | D:6      | Reached XP level 9. HP: 89/89 MP: 7/11
  3819 | D:6      | Found a glowing drain.
  3835 | Sewer    | Entered a sewer
  3879 | Sewer    | Reached **** piety under Trog
  3983 | Sewer    | Reached skill level 5 in Dodging
  4551 | D:6      | Reached skill level 8 in Maces & Flails
  4972 | D:7      | Found a staircase to the Ecumenical Temple.
  5176 | D:7      | HP: 4/89 [wight (16)]
  5176 | D:7      | Slain by a wight

Illustrated notes

Levels and vault maps discovered:
D:1:      dpeg_arrival_stone_temple_mockup, layout_basic, serial_forest,
          infiniplex_forest_lined_2, infiniplex_forest_corner_2,
          infiniplex_forest_lined_1, infiniplex_forest_lined_2,
          infiniplex_forest_lined_ring, infiniplex_forest_straight_5,
          infiniplex_forest_lined_room_2, infiniplex_forest_lined_room_2,
          infiniplex_forest_clump_small, infiniplex_forest_straight_4,
          serial_shops, shop
D:2:      layout_rooms, minmay_misc_feat_more_columns, minmay_misc_feat_five
D:3:      kennysheep_six_static_rooms, layout_basic,
          ebering_ecumenical_altar_webs, minmay_pentomino_pile
D:4:      layout_basic, nicolae_overflow_quartered_altars, uniq_sigmund
D:5:      layout_loops_ring, serial_shops, nicolae_shop_hallway_plus
D:6:      layout_loops_cross, gup_sewer_entry_pipe, grunt_ministairs_3
D:7:      minmay_s_stair_smasher, layout_gridville, grunt_ministairs_11

Skill      XL: |  1  2  3  4  5  6  7  8  9 |
---------------+----------------------------+-----
Dodging        | 3 4 5 |  5.1
Unarmed Combat | 4 |  4.8
Fighting       | 3 5 6 |  6.1
Maces & Flails | 1 4 5 7 8 |  8.6
Stealth        | 1 |  1.0
Throwing       | 3 |  3.1
Armour         | 2 |  2.7
Shields        | 2 |  2.8
Invocations    | 4 |  4.6
Evocations     | 2 |  2.5

Action                   |  1- 3 |  4- 6 |  7- 9 || total
-------------------------+-------+-------+-------++-------
Melee: Unarmed           |    86 |    26 |       ||   112
       Punch             |     3 |     2 |     5 ||    10
       Whip              |       |    82 |   189 ||   271
Invok: Berserk           |     1 |     1 |     3 ||     5
  Use: Scroll            |       |       |     5 ||     5
       Potion            |       |       |     1 ||     1
 Stab: Sleeping          |     1 |       |     4 ||     5
Armor: Animal skin       |    21 |    20 |    24 ||    65
Dodge: Dodged            |    45 |    42 |   130 ||   217
